 Dungeon Crawl Stone Soup version 0.30-a0-1066-g63dfefce0d (webtiles) character file.

Game seed: 11633441754431219602

20440 IdlyInterested the Covert (level 12, -4/89 HPs)
             Began as a Demonspawn Gladiator on Apr 12, 2023.
             Slain by a meliai
             ... wielding a +0 hand axe of electrocution
              (10 damage)
             ... on level 12 of the Dungeon.
             The game lasted 00:56:19 (12657 turns).

IdlyInterested the Covert (Demonspawn Gladiator)   Turns: 12657, Time: 00:56:20

Health: -4/89      AC: 13    Str: 14    XL:     12   Next: 45%
Magic:  12/12      EV: 17    Int:  9    God:
Gold:   362        SH:  8    Dex: 21    Spells: 11/11 levels left

rFire   . . .      SeeInvis +    a - +0 rapier (spect)
rCold   . . .      Faith    .    Y - +0 buckler
rNeg    . . .      Spirit   .    q - +0 troll leather armour
rPois   .          Reflect  .    A - +0 helmet
rElec   .          Rampage  .    X - +1 cloak
rCorr   .                        h - +1 pair of gloves
Will    .....                    (no boots)
Stlth   ++++++                   R - amulet of regeneration
HPRegen 1.94/turn                L - +4 ring of slaying
MPRegen 0.13/turn                N - ring of see invisible

@: no status effects
A: repulsion field 1, demonic guardian 2, icemail 1, condensation shield
a: no special abilities


You were on level 12 of the Dungeon.
You visited 2 branches of the dungeon, and saw 13 of its levels.

You collected 702 gold pieces.
You spent 340 gold pieces at shops.

Inventory:

Hand Weapons
 a - a +0 spectral rapier (weapon)
 S - a +2 short sword of draining
 T - a +1 war axe of flaming
Missiles
 c - 7 poisoned darts
 d - 5 throwing nets
 e - 6 javelins
 g - 73 stones (quivered)
 B - 4 boomerangs
 P - 2 curare-tipped darts
Armour
 h - a +1 pair of gloves (worn)
 q - a +0 troll leather armour (worn)
 A - a +0 helmet (worn)
 C - a +2 robe of fire resistance
 X - a +1 cloak (worn)
 Y - a +0 buckler (worn)
Jewellery
 m - a ring of flight
 p - an amulet of magic regeneration
 L - a +4 ring of slaying (left hand)
 N - a ring of see invisible (right hand)
 Q - a +5 ring of evasion
 R - an amulet of regeneration (around neck)
 V - a ring of resist corrosion
Wands
 b - a wand of polymorph (4)
 x - a wand of mindburst (9)
 D - a wand of roots (10)
 F - a wand of digging (11)
 J - a wand of paralysis (12)
Scrolls
 k - 9 scrolls of teleportation
 n - 5 scrolls of vulnerability
 o - a scroll of fog
 y - 3 scrolls of amnesia
 E - 4 scrolls of enchant armour
 I - a scroll of poison
 K - a scroll of magic mapping
 M - a scroll of summoning
 U - 6 scrolls of identify
 Z - a scroll of fear
Potions
 i - 3 potions of mutation
 j - 5 potions of curing
 l - 2 potions of might
 r - a potion of berserk rage
 t - a potion of flight
 u - a potion of haste
 v - 3 potions of brilliance
 w - a potion of magic
 G - a potion of attraction
 H - 3 potions of resistance
 O - a potion of ambrosia


   Skills:
 + Level 6.5 Fighting
 + Level 11.8 Short Blades
 - Level 2.0 Throwing
 - Level 2.0 Armour
 - Level 6.0 Dodging
 * Level 13.6 Stealth
 - Level 4.0 Evocations


You had 11 spell levels left.
You didn't know any spells.
Your spell library contained the following spells:

 Spells                   Type           Power      Damage    Failure   Level
 Shock                    Conj/Air       0%         1d3       56%         1
 Sublimation of Blood     Necr           0%         N/A       71%         2
 Wereblood                Tmut           0%         N/A       71%         2
 Stone Arrow              Conj/Erth      0%         3d7       91%         3
 Swiftness                Air            0%         N/A       91%         3
 Airstrike                Air            0%         2d(0-16)  100%        4
 Animate Armour           Summ/Erth      0%         N/A       100%        4
 Summon Hydra             Summ           0%         N/A       100%        7
 Lehudib's Crystal Spear  Conj/Erth      0%         10d2      100%        8


Dungeon Overview and Level Annotations

Branches:
Dungeon (12/15)            Temple (1/1) D:6            Lair (0/5) D:11
    Orc (0/2) D:12

Altars:
Ashenzari
Cheibriados
Dithmenos
Fedhas
Gozag
Hepliaklqana
Kikubaaqudgha
Makhleb
Nemelex Xobeh
Okawaru
Qazlal
Ru
Sif Muna
Trog
Uskayaw
Vehumet
Wu Jian
Xom
Yredelemnul

Shops:
D:1 !   D:6 !


Innate Abilities, Weirdness & Mutations

You are surrounded by a mild repulsion field. (EV +2)
A demonic guardian rushes to your aid.
A meltable icy envelope protects you from harm. (AC +4)
A meltable shield of frost defends you. (SH +4)


Message History

The meliai is lightly wounded.
The meliai hits you with a +0 hand axe of electrocution!
The meliai completely misses you. The meliai misses you.
The meliai completely misses you.
Your magical effects are unravelling.
You feel magically purged.
You feel less batty.
Your +0 spectral rapier unmelds from your body.
Your +1 cloak unmelds from your body.
Your +0 helmet unmelds from your body.
Your +1 pair of gloves unmelds from your body.
Your +0 buckler unmelds from your body.
Your +0 troll leather armour unmelds from your body.
Your +4 ring of slaying unmelds from your body.
Your ring of see invisible unmelds from your body.
You feel a bond with your +0 spectral rapier.
The meliai mumbles some strange prayers to its god against you.
Something smites you! You block the meliai's attack.
The meliai closely misses you.
The meliai hits you with a +0 hand axe of electrocution.
You are electrocuted!
* * * LOW HITPOINT WARNING * * *
A demonic guardian appears!
The meliai stings you but does no damage.
You feel much better.
The meliai hits you with a +0 hand axe of electrocution!
The meliai stings you!
* * * LOW HITPOINT WARNING * * *
The meliai misses you. x2
Your orange demon stings the meliai but does no damage.
Aiming: Polymorph
Press: ? - help, Shift-Dir - straight line, f - meliai
Aim: a meliai, wielding a +0 hand axe of electrocution and wearing a +0 leather armour (ally target, will become an acid dragon, a rime drake, or a swamp drake, chance to affect: 59%)
The meliai resists with significant effort.
The meliai hits you but does no damage.
You are electrocuted!
* * * LOW HITPOINT WARNING * * *
The meliai misses you.
The meliai hits you with a +0 hand axe of electrocution.
* * * LOW HITPOINT WARNING * * *
You are electrocuted!
You die...

.##.... .....#.
#..... #.....####
#......#.# #
#..)...#K5.#
#....4.#K#5###
###+#.....@#KK ..#
#......###y#.# #.#
# #......###F#K#
#.# #
#........KK#.###.#
#
#..........))..#.#
.
######..##.#.###.#
#..##.......#
#.........#.#
#.#####
###.....#.#.#
#......


You could see a cane toad, a kobold brigand (corroded), a meliai (ally target),
a kobold and a friendly orange demon (summoned).

Vanquished Creatures
  An ettin (D:11)
  The ghost of domi the Geomancer, a journeyman MeEE of Zin (D:11)
  2 hydras
  A boulder beetle (D:10)
  3 two-headed ogres (D:10)
  2 tengu warriors
  Nergalle (D:12)
  An ugly thing (D:12)
  6 unseen horrors (D:11)
  2 kobold demonologists
  2 komodo dragons
  Psyche (D:12)
  A troll (D:10)
  4 hornets
  5 slime creatures
  Sigmund (D:3)
  3 wraiths
  A shadow (D:10)
  A wyvern (D:10)
  A vampire (D:11)
  4 fire bats (D:9)
  3 yaks
  3 wargs
  3 acid dragons
  A hell hound (D:9)
  Duvessa (D:4)
  2 orc warriors
  A sky beast (D:6)
  An ice beast (D:5)
  2 black bears (D:6)
  3 centaurs
  2 ogres
  2 phantoms
  3 kobold brigands
  2 bullfrogs (D:6)
  2 gnoll sergeants (D:10)
  4 scorpions
  9 killer bees
  4 howler monkeys
  An electric eel (D:10)
  2 lava snakes (D:9)
  6 hounds
  3 jellies
  A gnoll bouda (D:9)
  6 orc priests
  3 iguanas
  A sleepcap (D:4)
  13 orc wizards
  10 gnolls
  5 adders
  An ufetubus (D:5)
  3 worms
  A dart slug (D:4)
  27 orcs
  6 endoplasms
  An endoplasm (shapeshifter) (D:10)
  4 giant cockroaches
  11 goblins
  4 hobgoblins
  18 kobolds
  3 quokkas
  5 ball pythons
  4 bats (D:1)
  5 frilled lizards
  5 rats
  2 fire vortices (D:9)
243 creatures vanquished.

Vanquished Creatures (collateral kills)
  A two-headed ogre (D:11)
  A kobold demonologist (D:12)
  A slime creature (D:12)
  6 yaks
  A warg (D:11)
  An orc warrior (D:11)
  An ogre (D:4)
  3 killer bees (D:10)
  A jelly (D:4)
  A hound (D:5)
  An orc wizard (D:3)
  5 orcs
23 creatures vanquished.

Vanquished Creatures (others)
  A fire vortex (D:9)
1 creature vanquished.

Grand Total: 267 creatures vanquished

Notes
Turn   | Place    | Note
-------+----------+-------------------------------------------
     0 | D:1      | IdlyInterested the Demonspawn Gladiator began the quest for
                  | the Orb.
     0 | D:1      | Reached XP level 1. HP: 16/16 MP: 1/1
   194 | D:1      | Gained mutation: A meltable shield of frost defends you.
                  | (SH +4) [demonic ancestry]
   194 | D:1      | Reached XP level 2. HP: 22/22 MP: 2/2
   454 | D:1      | Found Ziamn's Distillery.
   695 | D:1      | Bought a potion of curing for 30 gold pieces
   954 | D:2      | Reached skill level 1 in Stealth
  1067 | D:2      | Gained mutation: A weak demonic guardian rushes to your
                  | aid. [demonic ancestry]
  1067 | D:2      | Reached XP level 3. HP: 22/27 MP: 3/3
  1529 | D:3      | Reached skill level 1 in Evocations
  1529 | D:3      | Reached XP level 4. HP: 8/33 MP: 4/4
  1552 | D:3      | Reached skill level 1 in Armour
  1679 | D:1      | Bought a potion of heal wounds for 50 gold pieces
  1965 | D:3      | Reached XP level 5. HP: 29/38 MP: 5/5
  2180 | D:3      | Noticed Sigmund
  2188 | D:3      | Killed Sigmund
  2189 | D:3      | Reached skill level 5 in Short Blades
  2189 | D:3      | Reached skill level 2 in Stealth
  2189 | D:3      | Reached XP level 6. HP: 31/44 MP: 6/6
  2374 | D:3      | Found a faded altar of an unknown god.
  2430 | D:3      | Noticed Ijyb
  2432 | D:3      | Ijyb changed into Ijyb the rat
  2432 | D:3      | Noticed Ijyb
  2433 | D:3      | Killed Ijyb the rat
  2929 | D:4      | Found a broken altar of Ashenzari.
  2946 | D:4      | Noticed Duvessa
  3424 | D:4      | Killed Duvessa
  3425 | D:4      | Gained mutation: A meltable icy envelope protects you from
                  | harm. (AC +4) [demonic ancestry]
  3425 | D:4      | Reached XP level 7. HP: 38/52 MP: 7/7
  3444 | D:4      | Noticed Dowan
  3453 | D:4      | Dowan changed into Dowan the frilled lizard
  3453 | D:4      | Noticed Dowan
  3459 | D:4      | Killed Dowan the frilled lizard
  3609 | D:4      | Found an iron altar of Okawaru.
  3636 | D:4      | Noticed a +0 dagger
  3636 | D:4      | Noticed a +0 short sword
  3636 | D:4      | Noticed a +0 spear
  3677 | D:4      | Found a hide-covered altar of Uskayaw.
  3677 | D:4      | Noticed a +0 short sword
  3677 | D:4      | Noticed a +0 falchion
  3678 | D:4      | Noticed a +0 spear
  3679 | D:4      | Noticed a +0 falchion
  3680 | D:4      | Noticed a +0 dagger
  3810 | D:4      | Found a stormy altar of Qazlal.
  4174 | D:1      | Bought a potion of resistance for 100 gold pieces
  4312 | D:5      | Entered Level 5 of the Dungeon
  4514 | D:5      | Reached skill level 3 in Stealth
  4683 | D:5      | Gained mutation: You are surrounded by a mild repulsion
                  | field. (EV +2) [demonic ancestry]
  4683 | D:5      | Reached XP level 8. HP: 46/58 MP: 8/8
  5448 | D:6      | Found a radiant altar of Vehumet.
  5448 | D:6      | Found a staircase to the Ecumenical Temple.
  5467 | D:6      | Reached skill level 4 in Stealth
  5629 | Temple   | Entered the Ecumenical Temple
  5881 | D:6      | Found Bar Suny's Distillery.
  5989 | D:6      | Reached skill level 5 in Stealth
  6610 | D:6      | Reached XP level 9. HP: 58/65 MP: 9/9
  6731 | D:7      | Reached skill level 6 in Stealth
  6926 | D:4      | Found a basalt altar of Yredelemnul.
  6926 | D:4      | Found a shimmering altar of Xom.
  7982 | D:8      | Reached skill level 7 in Stealth
  8657 | D:9      | Reached skill level 8 in Stealth
  8713 | D:9      | Gained mutation: A demonic guardian rushes to your aid.
                  | [demonic ancestry]
  8713 | D:9      | Reached XP level 10. HP: 38/71 MP: 10/10
  8880 | D:9      | Identified the +1 leather armour "Uzesomun" {Int+4}
  8890 | D:9      | Found an ancient bone altar of Kikubaaqudgha.
  9487 | D:10     | Entered Level 10 of the Dungeon
  9637 | D:10     | Noticed a tengu warrior
  9638 | D:10     | Noticed a seven-headed hydra
  9639 | D:10     | Noticed a two-headed ogre
  9640 | D:10     | Killed a two-headed ogre
  9641 | D:10     | Reached skill level 9 in Stealth
  9654 | D:10     | Noticed a boulder beetle
  9654 | D:10     | Noticed an entropy weaver
  9661 | D:10     | Noticed a two-headed ogre
  9669 | D:10     | Killed a one-headed hydra
  9670 | D:10     | Reached skill level 5 in Fighting
  9687 | D:10     | an entropy weaver changed into a ball python
  9699 | D:10     | Killed a tengu warrior
  9700 | D:10     | Reached skill level 10 in Short Blades
  9700 | D:10     | Reached skill level 10 in Stealth
  9710 | D:10     | Killed a two-headed ogre
  9727 | D:10     | Killed a boulder beetle
  9741 | D:10     | Reached XP level 11. HP: 76/81 MP: 11/11
  9819 | D:10     | Noticed a two-headed ogre
 10125 | D:10     | Killed a two-headed ogre
 10126 | D:10     | Reached skill level 11 in Stealth
 10709 | D:11     | Found a staircase to the Lair.
 10766 | D:11     | Noticed a six-headed hydra
 10778 | D:11     | Killed a one-headed hydra
 10779 | D:11     | Reached skill level 5 in Dodging
 10852 | D:11     | Found a runed translucent gate.
 10853 | D:11     | Found a runed translucent gate.
 10853 | D:11     | Noticed domi's ghost (journeyman MeEE)
 10853 | D:11     | Noticed a tengu warrior
 10856 | D:11     | Found a runed translucent gate.
 10856 | D:11     | Noticed an ettin
 10908 | D:11     | Noticed a two-headed ogre
 10923 | D:11     | Killed a two-headed ogre
 10939 | D:11     | Reached skill level 12 in Stealth
 11699 | D:11     | Killed a tengu warrior
 11715 | D:11     | Reached XP level 12. HP: 81/88 MP: 12/12
 11720 | D:11     | Killed domi's ghost
 11726 | D:11     | Killed an ettin
 11732 | D:11     | Reached skill level 13 in Stealth
 11952 | D:6      | Bought a potion of berserk rage for 60 gold pieces
 12093 | D:1      | Bought a potion of haste for 100 gold pieces
 12453 | D:12     | Found a staircase to the Orcish Mines.
 12598 | D:12     | Noticed Psyche
 12599 | D:12     | Noticed Nergalle
 12623 | D:12     | Killed Nergalle
 12633 | D:12     | Killed Psyche
 12657 | D:12     | Slain by a meliai

Illustrated notes

Levels and vault maps discovered:
D:1:      ebering_hopf_link, layout_loops_ring, serial_shops, shop
D:2:      layout_basic
D:3:      minmay_door_path, layout_basic,
          chequers_ecumenical_altar_simple_redux, uniq_ijyb, uniq_sigmund
D:4:      layout_cave_pools, nicolae_overflow_hidden_temple,
          nicolae_uskayaw_en_pointe, uniq_duvessa
D:5:      layout_loops_ring, minmay_ogre_servants
D:6:      layout_gridville, nicolae_vehumet_radiance,
          minmay_temple_entry_large_hall, serial_shops, nicolae_shop_waterfront,
          kennysheep_generic_room_5
D:7:      layout_basic, minmay_holes
D:8:      layout_cave_pools, minmay_misc_feat_pillars
D:9:      layout_basic, kennysheep_mini, corexii_mini_fake_secret_closet,
          hangedman_incinerator
D:10:     nzn_winding_woodlands_small
          [nzn_winding_woodlands_5x15_river_crossing,
          nzn_winding_woodlands_center_triple_pond,
          nzn_winding_woodlands_5x15_jagged], layout_irregular_city
D:11:     layout_loops_cross, erik_lair_orcish_takeover, gammafunk_ghost_split
D:12:     layout_basic, minmay_orc_entry_guard_dogs, uniq_psyche, uniq_nergalle
Temple:   eino_temple_lava

Skill      XL: |  1  2  3  4  5  6  7  8  9 10 11 12 |
---------------+-------------------------------------+-----
Short Blades   | 3 4 5 6 7 8 9 10 11 | 11.8
Dodging        | 3 4 6 |  6.0
Throwing       | 2 |  2.0
Stealth        | 1 2 3 5 8 10 12 13 | 13.6
Evocations     | 1 3 4 |  4.0
Armour         | 1 2 |  2.0
Fighting       | 3 4 5 6 |  6.5

Action                     |  1- 3 |  4- 6 |  7- 9 | 10-12 || total
---------------------------+-------+-------+-------+-------++-------
  Melee: Rapier            |   109 |   115 |   382 |    85 ||   691
         Punch             |     1 |     2 |     9 |     1 ||    13
         Unarmed           |       |     1 |       |     8 ||     9
         Short sword       |       |       |    95 |   366 ||   461
         War axe           |       |       |       |    15 ||    15
  Throw: Stone             |       |    11 |    18 |    25 ||    54
         Dart              |       |       |    26 |    24 ||    50
         Javelin           |       |       |     6 |     9 ||    15
  Evoke: Wand              |       |     6 |     4 |    10 ||    20
    Use: Scroll            |     4 |     4 |    14 |     2 ||    24
         Potion            |       |     3 |     1 |     8 ||    12
   Stab: Sleeping          |     2 |       |    10 |     9 ||    21
         Distracted        |       |       |     1 |     4 ||     5
 Armour: Leather armour    |    18 |       |       |       ||    18
         Scale mail        |    42 |    28 |     6 |       ||    76
         Robe              |       |       |   111 |    23 ||   134
         Troll leather arm |       |       |       |    64 ||    64
  Dodge: Dodged            |    67 |    37 |   274 |   311 ||   689
  Block: Other             |    17 |    12 |    61 |    20 ||   110
         Buckler           |       |       |       |   107 ||   107

Table legend: (Time is in decaauts)
 A = Elapsed time spent in this place.
 B = Non-inter-level travel time spent in this place.
 C = Inter-level travel time spent in this place.
 D = Time resting spent in this place.
 E = Time spent auto-exploring this place.
 F = Levels seen in this place.
 G = Mean time per level.
                   A        B        C        D        E       F      G
               +--------+--------+--------+--------+--------+-----+--------+
         Total |  12345 |  10164 |   2181 |   1350 |   5957 |  13 |  949.6 |
       Dungeon |  12279 |  10098 |   2181 |   1350 |   5908 |  12 | 1023.2 |
        Temple |     66 |     66 |      0 |      0 |     49 |   1 |   66.0 |
               +--------+--------+--------+--------+--------+-----+--------+

Top non-repeatable levels by time:
     D:3: 1586 daAuts
     D:6: 1401 daAuts
     D:9: 1192 daAuts
     D:5: 1184 daAuts
    D:11: 1159 daAuts
    D:10: 1061 daAuts
     D:1: 1042 daAuts
     D:4: 947 daAuts
     D:2: 943 daAuts
     D:7: 752 daAuts
     D:8: 719 daAuts
    D:12: 288 daAuts
  Temple: 66 daAuts
